AoeStats
← Charlemagne

Arabia

506668186Analyzed
1v1 RM · 19d ago on Sep 14, 2026· 35m 19s· 2 players
Game mode
Random Map
Map size
Tiny (2 player)
Population
200
Speed
Normal
Resources
Standard
Victory
Conquest
Starting age
Dark Age
Ending age
Imperial Age
RankedLock teamsTeams togetherTeam positionsShared explorationLock speedFull tech treeHidden civsTurbo modeCheats
Victory
Defeat
🇨🇿 Cumans · Czechia
980
+17
🇩🇪 Huns · Germany
991
-17
CHAT OFF
6:57 Loom
9:17 Feudal Age
9:54 Double-Bit Axe
11:37 Double-Bit Axe
11:52 Horse Collar
23:25 Castle Age
22:17 Wheelbarrow
23:38 Gold Mining
24:07 Bloodlines
24:05 Scale Barding Armor
24:10 Forging
24:29 Hand Cart
24:30 Bow Saw
25:05 Gold Shaft Mining
24:21 Stone Mining
24:34 Heavy Plow
27:15 Iron Casting
29:24 Chain Barding Armor
35:16 Imperial Age
33:11 Ballistics
Charlemagne
7:00 Loom
9:38 Feudal Age
10:45 Double-Bit Axe
20:21 Castle Age
19:44 Bloodlines
19:43 Scale Barding Armor
19:59 Gold Mining
19:58 Horse Collar
20:53 Man-at-Arms
23:43 Forging
28:01 Husbandry
28:23 Fletching
29:27 Bodkin Arrow
31:01 Padded Archer Armor
32:37 Leather Archer Armor
35:57 Imperial Age
34:50 Ballistics
Connection lost

Rejoining the realm…

Still unreachable

The connection could not be restored.

Session expired

The server has moved on; the page needs a fresh start.